 Dungeon Crawl Stone Soup version 0.31-a0-167-g1c394c0614 (webtiles) character file.

Game seed: 18398439287007873993

370 qw the Shooter (level 6, 0/38 HPs)
             Began as a Gargoyle Hunter on June 14, 2023.
             Was an Initiate of Okawaru.
             Slain by an orc
             ... wielding a +1 trident of pain
              (4 damage)
             ... on level 4 of the Dungeon.
             The game lasted 00:01:37 (3245 turns).

qw the Shooter (Gargoyle Hunter)                    Turns: 3245, Time: 00:01:37

Health: 0/38       AC: 14    Str: 14    XL:     6   Next: 70%
Magic:  6/6        EV: 11    Int: 10    God:    Okawaru [......]
Gold:   171        SH:  0    Dex: 15    Spells: 5/5 levels left

rFire   . . .        Y - +1 shortbow (flame)
rCold   . . .        (shield currently unavailable)
rNeg    + . .        b - +0 ring mail
rPois   inf          a - +1 helmet
rElec   +            h - +2 cloak {rCorr}
rCorr   +            (no gloves)
SInv    .            (no boots)
Will    .....        o - amulet of faith
Stlth   +            (no ring)
HPRegen 0.26/turn    (no ring)
MPRegen 0.10/turn

%: faith
@: no status effects
A: sickness immunity, AC +4, negative energy resistance 1, electricity
resistance, torment resistance 1, petrification resistance
a: Renounce Religion


You were on level 4 of the Dungeon.
You worshipped Okawaru.
Okawaru was noncommittal.
You visited 2 branches of the dungeon, and saw 5 of its levels.
You also visited: Sewer.

You collected 171 gold pieces.


Innate Abilities, Weirdness & Mutations

You are immune to sickness and miasma.
Your stone body is resilient. (AC +4)
You are immune to poison.
You resist negative energy. (rN+)
You are resistant to electric shocks. (rElec)
You are resistant to unholy torment.
You are immune to petrification.


   Skills:
 - Level 4.0 Fighting
 + Level 6.9 Ranged Weapons
 - Level 1.5 Armour
 - Level 1.5 Dodging
 - Level 1.1 Stealth


You had 5 spell levels left.
You didn't know any spells.
Your spell library was empty.

Inventory:

Hand Weapons
 Y - a +1 shortbow of flaming (weapon)
Armour
 a - a +1 helmet (worn)
 b - a +0 ring mail (worn)
 h - a +2 cloak of preservation (worn)
Jewellery
 c - an amulet of reflection
 o - an amulet of faith (around neck)
Scrolls
 f - a scroll of identify
Potions
 d - a potion of resistance
 e - a potion of magic
 g - a potion of heal wounds {unknown}
 i - a potion of might
 k - a potion of enlightenment {unknown}
 l - a potion of mutation {unknown}
 n - a potion of degeneration {unknown}

Dungeon Overview and Level Annotations

Branches:
Dungeon (4/15)             Temple (1/1) D:4           Sewer (visited)

Altars:
Ashenzari
Dithmenos
Elyvilon
Gozag
Hepliaklqana
Kikubaaqudgha
Makhleb
Okawaru
Qazlal
Sif Muna
Trog
Uskayaw
Vehumet
Wu Jian
Xom
Yredelemnul
The Shining One


Message History

The orc priest calls down the wrath of Beogh upon you.
Beogh smites you! The orc hits you but does no damage.
You shoot an arrow.
The arrow hits the orc priest but does no damage.
The orc priest is moderately wounded.
The orc barely misses you.
The orc priest hits you but does no damage.
You shoot an arrow.
The arrow hits the orc priest but does no damage.
The orc priest is moderately wounded.
The orc hits you but does no damage.
The orc priest hits you with a +0 short sword.
You shoot an arrow.
The arrow hits the orc priest but does no damage.
The orc priest is moderately wounded.
The orc barely misses you.
The orc priest hits you but does no damage.
You shoot an arrow. The arrow hits the orc priest.
The arrow burns the orc priest.
The orc priest is severely wounded.
The orc hits you from afar with a +1 trident of pain.
The orc priest hits you but does no damage.
You shoot an arrow.
The arrow closely misses the orc priest.
The orc priest hits you but does no damage.
The orc closely misses you.
The orc priest calls down the wrath of Beogh upon you.
Beogh smites you!
You shoot an arrow. The arrow barely misses the orc priest.
The orc priest hits you but does no damage.
The orc closely misses you.
You shoot an arrow.
The arrow closely misses the orc priest.
The orc hits you from afar with a +1 trident of pain.
The orc priest hits you but does no damage.
You shoot an arrow.
The arrow closely misses the orc priest.
The orc priest closely misses you. The orc misses you.
The orc hits you from afar with a +1 trident of pain.
You die...

.#.####...#
. .# #.###
#.# # #.#
#. #.# ..o
#.# ...o
#.# .<...
#.#
......##@#
.....ooo.#
......####
..... ....
... .. .


You could see 2 orc priests and an orc.

Vanquished Creatures
  2 bullfrogs (Sewer)
  A sleepcap (D:3)
  7 adders
  A river rat (D:3)
  2 worms (D:2)
  4 dart slugs
  3 orcs (D:3)
  16 ball pythons
  8 bats
  14 endoplasms
  14 giant cockroaches
  10 goblins
  7 hobgoblins
  A jackal (D:3)
  6 kobolds
  10 quokkas
  20 frilled lizards
  8 rats
134 creatures vanquished.

Notes
Turn   | Place    | Note
-------+----------+-------------------------------------------
     0 | D:1      | qw the Gargoyle Hunter began the quest for the Orb.
     0 | D:1      | Reached XP level 1. HP: 12/12 MP: 1/1
     0 | D:1      | 0 ||| qw: Version: 0.2-a-29-g1fa15c8
     0 | D:1      | 0 ||| qw: Game counter: 5064
     0 | D:1      | 0 ||| qw: Always use a shield: true
     0 | D:1      | 0 ||| qw: God list: Okawaru
     0 | D:1      | 0 ||| qw: Allow faded altars: false
     0 | D:1      | 0 ||| qw: Do Orc after D:15 true
     0 | D:1      | 0 ||| qw: Do second Lair branch before Depths: true
     0 | D:1      | 0 ||| qw: Lair rune preference: random
     0 | D:1      | 0 ||| qw: Plans: Normal, Zot:1-4, Slime:5, God:TSO, Crypt,
                  | Tomb, Abyss, Pan, Hells, Win
     0 | D:1      | 0 ||| PLANNING D:1-11
    92 | D:1      | Reached XP level 2. HP: 17/17 MP: 2/2
   491 | D:1      | Reached XP level 3. HP: 21/21 MP: 3/3
   525 | D:1      | Reached skill level 5 in Ranged Weapons
   693 | D:1      | 693 ||| READING scroll labelled YSUXIO DUAPSIV.
   694 | D:1      | 694 ||| READING 2 scrolls labelled KEV POTAEMUCIL.
   695 | D:1      | 695 ||| DROPPING scroll of butterflies.
  1032 | D:2      | Reached skill level 3 in Fighting
  1100 | D:2      | Reached XP level 4. HP: 24/28 MP: 4/4
  1641 | D:2      | 1641 ||| UPGRADING to +0 ring mail.
  1651 | D:2      | 1651 ||| DROPPING +0 leather armour.
  1652 | D:2      | 1652 ||| UPGRADING to +2 cloak of preservation.
  1657 | D:2      | 1657 ||| READING scroll labelled YKHOH POCSATH.
  1658 | D:2      | 1658 ||| READING scroll labelled XIBETE PUVOTI.
  1659 | D:2      | 1659 ||| DRINKING 2 sedimented orange potions.
  1660 | D:2      | 1660 ||| READING 2 scrolls of identify.
  1660 | D:2      | 1660 ||| IDENTIFYING sapphire potion
  1669 | D:3      | 1669 ||| PLANNING SEWER
  1693 | D:3      | Reached skill level 1 in Armour
  1693 | D:3      | Reached XP level 5. HP: 20/32 MP: 5/5
  1695 | D:3      | HP: 8/32 [frozen (3)]
  1704 | D:3      | HP: 7/32 [hobgoblin (1)]
  1713 | D:3      | HP: 7/32 [hobgoblin (1)]
  1889 | D:3      | 1889 ||| FLEEEEING.
  1892 | D:3      | Reached skill level 6 in Ranged Weapons
  2193 | D:3      | Found a glowing drain.
  2194 | D:3      | 2194 ||| UPGRADING to +1 helmet.
  2199 | D:3      | 2199 ||| UPGRADING to amulet of faith.
  2204 | D:3      | 2204 ||| READING scroll labelled YLYHYDA MEGUO.
  2205 | D:3      | 2205 ||| READING scroll labelled UCUAN HAT ASAT.
  2206 | D:3      | 2206 ||| READING scroll labelled LUNI AGYNECS.
  2207 | D:3      | 2207 ||| READING scroll labelled CUR TARHYGOZE.
  2208 | D:3      | 2208 ||| READING scroll labelled WAN OMEHYTUANT.
  2309 | D:3      | 2309 ||| READING 2 scrolls of identify.
  2309 | D:3      | 2309 ||| IDENTIFYING fizzy brown potion
  2318 | Sewer    | Entered a sewer
  2340 | Sewer    | 2340 ||| Stepping ~*~*~tactically~*~*~ (water).
  2361 | Sewer    | 2361 ||| Stepping ~*~*~tactically~*~*~ (water).
  2379 | Sewer    | 2379 ||| Stepping ~*~*~tactically~*~*~ (water).
  2386 | Sewer    | 2386 ||| Stepping ~*~*~tactically~*~*~ (water).
  2399 | Sewer    | 2399 ||| Stepping ~*~*~tactically~*~*~ (water).
  2411 | Sewer    | 2411 ||| Stepping ~*~*~tactically~*~*~ (water).
  2418 | Sewer    | 2418 ||| Stepping ~*~*~tactically~*~*~ (water).
  2432 | Sewer    | 2432 ||| Stepping ~*~*~tactically~*~*~ (water).
  2470 | Sewer    | 2470 ||| Stepping ~*~*~tactically~*~*~ (water).
  2475 | Sewer    | Reached XP level 6. HP: 29/38 MP: 6/6
  2534 | Sewer    | 2534 ||| Stepping ~*~*~tactically~*~*~ (water).
  2564 | Sewer    | 2564 ||| Stepping ~*~*~tactically~*~*~ (water).
  2582 | Sewer    | 2582 ||| Stepping ~*~*~tactically~*~*~ (water).
  2596 | Sewer    | 2596 ||| Stepping ~*~*~tactically~*~*~ (water).
  2598 | Sewer    | 2598 ||| Stepping ~*~*~tactically~*~*~ (water).
  2600 | Sewer    | 2600 ||| Stepping ~*~*~tactically~*~*~ (water).
  2613 | Sewer    | 2613 ||| Stepping ~*~*~tactically~*~*~ (water).
  2625 | Sewer    | 2625 ||| FLEEEEING.
  2680 | D:3      | 2680 ||| PLANNING D:1-11
  2812 | D:4      | Found a staircase to the Ecumenical Temple.
  2813 | D:4      | 2813 ||| PLANNING TEMPLE
  2818 | Temple   | Entered the Ecumenical Temple
  2891 | Temple   | 2891 ||| PLANNING OKAWARU WORSHIP
  3118 | Temple   | Became a worshipper of Warmaster Okawaru
  3119 | Temple   | 3119 ||| PLANNING D:1-11
  3224 | D:4      | 3224 ||| Stepping ~*~*~tactically~*~*~ (outnumbered).
  3226 | D:4      | 3226 ||| Stepping ~*~*~tactically~*~*~ (outnumbered).
  3227 | D:4      | 3227 ||| Stepping ~*~*~tactically~*~*~ (outnumbered).
  3242 | D:4      | HP: 5/38 [orc priest/divine providence (9)]
  3245 | D:4      | Slain by an orc

Levels and vault maps discovered:
D:1:      dpeg_arrival_pits, layout_loops_ring, chequers_serial_rivers_large_a
D:2:      minmay_razor_zed, layout_basic, corexii_leaking_fountain,
          grunt_ministairs_11, kennysheep_another_room
D:3:      layout_rooms, portal_sewer_entry_b, kennysheep_generic_room_5
D:4:      layout_loops_ring, minmay_temple_entry_enclosed_plants, minmay_vboxes
Temple:   minmay_temple_bridge_d

Skill      XL: |  1  2  3  4  5 |
---------------+----------------+-----
Ranged Weapons | 5 6 |  6.9
Fighting       | 3 4 |  4.0
Armour         | 1 |  1.5
Dodging        | |  1.5
Stealth        | |  1.1

Action                     |  1- 3 |  4- 6 || total
---------------------------+-------+-------++-------
   Fire: Shortbow          |   107 |   279 ||   386
    Use: Scroll            |     2 |     9 ||    11
         Potion            |       |     1 ||     1
 Armour: Leather armour    |    25 |    11 ||    36
         Ring mail         |       |   114 ||   114
  Dodge: Dodged            |    24 |   148 ||   172

Table legend:
 A = Non-vault XP
 B = Vault XP
 C = Vault XP percentage of total XP
 D = Non-vault monster count
 E = Vault monster count
 F = Vault count percentage of total count
                 A         B        C        D         E       F
            +---------+---------+-------+---------+---------+-------
      Total |     199 |     330 |  62.4 |      62 |      72 |  53.7
            +---------+---------+-------+---------+---------+-------
        D:1 |      42 |       0 |   0.0 |      20 |       0 |   0.0
        D:2 |      73 |      45 |  38.1 |      20 |      14 |  41.2
        D:3 |      80 |      27 |  25.2 |      20 |       9 |  31.0
        D:4 |       4 |       0 |   0.0 |       2 |       0 |   0.0
      Sewer |       0 |     258 | 100.0 |       0 |      49 | 100.0
            +---------+---------+-------+---------+---------+-------
